AoeStats
← cisi1982

Arabia

503768752Analyzed
1v1 RM · 1mo ago on Sep 2, 2026· 65m 4s· 2 players
Game mode
Random Map
Map size
Tiny (2 player)
Population
200
Speed
Normal
Resources
Standard
Victory
Conquest
Starting age
Dark Age
Ending age
Imperial Age
RankedLock teamsTeams togetherTeam positionsShared explorationLock speedFull tech treeHidden civsTurbo modeCheats
Victory
Defeat
🇨🇿 Turks · Czechia
888
+13
🇨🇴 Maya · Colombia
831
-13
mcalebsantiago
0:32 Loom
10:45 Feudal Age
23:31 Castle Age
21:24 Fletching
21:34 Padded Archer Armor
21:26 Horse Collar
23:39 Gold Mining
23:41 Stone Mining
23:39 Double-Bit Axe
24:03 Scale Mail Armor
24:45 Forging
27:47 Crossbowman
28:38 Squires
27:59 Eagle Warrior
28:25 Arson
28:01 Pikeman
33:52 Bow Saw
35:04 Heavy Plow
37:27 Ballistics
37:03 Murder Holes
37:18 Masonry
36:49 Treadmill Crane
37:31 Bodkin Arrow
37:51 Leather Archer Armor
38:46 Stone Shaft Mining
39:27 Leather Archer Armor
39:50 Hul'che Javelineers
40:51 Iron Casting
40:31 Chain Mail Armor
41:19 Elite Skirmisher
46:08 Imperial Age
43:27 Town Watch
44:43 Wheelbarrow
46:31 Fervor
49:58 Chemistry
49:28 Architecture
49:09 Fortified Wall
49:19 Onager
52:57 Two-Man Saw
52:29 Crop Rotation
51:41 Halberdier
60:19 Conscription
60:49 Guilds
cisi1982
10:06 Feudal Age
9:03 Loom
14:29 Castle Age
13:52 Double-Bit Axe
26:10 Fletching
32:16 Padded Archer Armor
32:12 Horse Collar
33:49 Ballistics
40:25 Imperial Age
39:57 Sipahi
40:18 Forging
40:04 Bodkin Arrow
40:40 Cavalier
44:28 Wheelbarrow
43:38 Town Watch
44:22 Scale Barding Armor
44:42 Heavy Plow
44:55 Bow Saw
44:59 Bloodlines
47:49 Elite Janissary
51:42 Bracer
51:58 Leather Archer Armor
52:19 Iron Casting
57:17 Husbandry
57:31 Heavy Scorpion
59:54 Chain Barding Armor
63:06 Conscription
Connection lost

Rejoining the realm…

Still unreachable

The connection could not be restored.

Session expired

The server has moved on; the page needs a fresh start.